 Dungeon Crawl Stone Soup version 0.28.0 (webtiles) character file.

Game seed: 1774212710613965646

1430 fragbeetle the Basher (level 8, -2/64 HPs)
             Began as a Hill Orc Fighter on Feb 9, 2022.
             Was a Priest of Uskayaw.
             Slain by an orc warrior (7 damage)
             ... on level 5 of the Dungeon.
             The game lasted 00:05:09 (4182 turns).

fragbeetle the Basher (Hill Orc Fighter)            Turns: 4182, Time: 00:05:10

Health: -2/64      AC: 10    Str: 21    XL:     8   Next: 73%
Magic:  2/2        EV:  9    Int:  8    God:    Uskayaw [***...]
Gold:   218        SH:  5    Dex: 14    Spells: 7/7 levels left

rFire   . . .      SeeInvis .   q - +5 whip of Ittuisch {antimagic, Will+ Dex+4}
rCold   . . .      Faith    .   c - +0 buckler
rNeg    . . .      Spirit   .   b - +0 scale mail
rPois   .          Reflect  .   e - +1 helmet
rElec   .          Harm     .   (no cloak)
rCorr   .          Rampage  .   (no gloves)
Will    ++...                   k - +0 pair of boots
Stlth   ..........              (no amulet)
HPRegen 0.20/turn               v - ring of willpower
MPRegen 0.08/turn               (no ring)

@: no status effects
A: no striking features
a: Renounce Religion, Stomp, Line Pass


You were on level 5 of the Dungeon.
You worshipped Uskayaw.
Uskayaw was noncommittal.
You visited 2 branches of the dungeon, and saw 6 of its levels.

You collected 218 gold pieces.

Inventory:

Hand Weapons
 a - a +0 war axe
 p - a +0 mace of holy wrath
 q - the +5 whip of Ittuisch (weapon) {antimagic, Will+ Dex+4}
   (You found it on level 3 of the Dungeon)

   It reduces the magical energy of the wielder, and disrupts the spells and
   magical abilities of those it strikes.
   Natural abilities and divine invocations are not affected.
   Dex:       It affects your dexterity (+4).
   Will:      It increases your willpower.
Missiles
 l - 41 sling bullets
Armour
 b - a +0 scale mail (worn)
 c - a +0 buckler (worn)
 e - a +1 helmet (worn)
 k - a +0 pair of boots (worn)
Jewellery
 v - a ring of willpower (left hand)
 w - an amulet of the acrobat
Scrolls
 h - 3 scrolls of fog {unknown}
 i - 7 scrolls of teleportation {unknown}
 j - 5 scrolls of identify {unknown}
 n - a scroll of silence {unknown}
 r - 2 scrolls of enchant weapon {unknown}
Potions
 d - 2 potions of might
 f - 2 potions of curing {unknown}
 g - a potion of flight {unknown}
 m - 2 potions of heal wounds {unknown}
 o - 2 potions of lignification {unknown}
 s - a potion of resistance {unknown}
 t - 2 potions of brilliance {unknown}
 u - a potion of berserk rage {unknown}


   Skills:
 - Level 3.6 Fighting
 - Level 5.5(9.8) Axes
 + Level 10.6(11.0) Maces & Flails
 - Level 3.2 Armour
 - Level 3.2 Shields


You had 7 spell levels left.
You didn't know any spells.
Your spell library contained the following spells:

 Spells                   Type           Power      Damage    Failure   Level
 Slow                     Hex            0%         N/A       83%         1
 Confusing Touch          Hex            0%         N/A       99%         3
 Vampiric Draining        Necr           0%         2d6       99%         3


Dungeon Overview and Level Annotations

Branches:
Dungeon (5/15)             Temple (1/1) D:4

Altars:
Dithmenos
Elyvilon
Fedhas
Gozag
Hepliaklqana
Kikubaaqudgha
Okawaru
Ru
Trog
Uskayaw
Yredelemnul
The Shining One
Lugonu

Annotations:
D:2 1 runed translucent door, Crazy Yiuf


Message History

The orc priest is lightly wounded.
The orc priest casts a cantrip, but nothing happens.
The orc warrior hits you with a +0 long sword.
You whack the orc priest!
The orc priest is severely wounded.
The orc priest hits you with a +0 hand axe.
You can now pass through a line of other dancers.
You whack the orc priest!
You kill the orc priest!
The orc warrior hits you with a +0 long sword.
You hit the orc warrior but do no damage.
The orc warrior is lightly wounded.
You closely miss the orc warrior.
The orc warrior is lightly wounded.
The orc warrior hits you with a +0 long sword!
* * * LOW HITPOINT WARNING * * *
You hit the orc warrior but do no damage.
The orc warrior is lightly wounded.
The orc warrior misses you.
You hit the orc warrior but do no damage.
The orc warrior is lightly wounded.
You hit the orc warrior but do no damage.
The orc warrior is lightly wounded.
The orc warrior hits you with a +0 long sword!
* * * LOW HITPOINT WARNING * * *
You whack the orc warrior!
The orc warrior is heavily wounded.
Uskayaw will force your foes to helplessly watch your dance.
Uskayaw prepares the audience for your solo!
The helpless orc warrior fails to defend itself.
You hit the orc warrior but do no damage.
The orc warrior is heavily wounded.
The helpless orc warrior fails to defend itself.
You whack the orc warrior!
The orc warrior is severely wounded.
The orc warrior is no longer paralysed.
You hit the orc warrior but do no damage.
The orc warrior is severely wounded.
The orc warrior hits you with a +0 long sword!
You die...

.....# #...# ...
###### #...# ##..$
#...# ..... #...# ....
###### #...### #..#
###....####.#..###...#
#.. ##.............#
#.###....##..#.)o###
#.....##....####@#
..######..### #.# .##
#..## #..# .### #...
##.# ...## ..#.# ..
##..###.##.# ...
##.)...# ># ....
#..###....# .....
#..## #### ..<...


You could see an orc warrior.

Vanquished Creatures
  Pikel (D:5)
  Prince Ribbit (D:5)
  An ice beast (D:5)
  An ogre (D:5)
  A necrophage (D:4)
  2 lemures (D:5)
  2 phantoms
  Blork the orc (D:5)
  A water moccasin skeleton (D:4)
  A hound (D:4)
  A bullfrog skeleton (D:5)
  An orc priest (D:5)
  A jelly (D:4)
  An iguana (D:4)
  A hound skeleton (D:4)
  A gnoll (D:4)
  2 adders (D:4)
  A worm (D:3)
  2 dart slugs
  10 orcs
  6 bats
  6 endoplasms
  A giant cockroach (D:4)
  9 goblins
  9 hobgoblins
  4 jackals (D:1)
  4 kobolds
  5 quokkas
  3 ball pythons
  3 frilled lizards
  5 rats
88 creatures vanquished.

Vanquished Creatures (others)
  6 plants (D:1)
6 creatures vanquished.

Grand Total: 94 creatures vanquished

Notes
Turn   | Place    | Note
-------+----------+-------------------------------------------
     0 | D:1      | fragbeetle the Hill Orc Fighter began the quest for the
                  | Orb.
     0 | D:1      | Reached XP level 1. HP: 19/19 MP: 1/1
   163 | D:1      | Reached XP level 2. HP: 26/26 MP: 2/2
   617 | D:1      | Reached XP level 3. HP: 29/31 MP: 3/3
   833 | D:1      | Reached skill level 5 in Axes
   955 | D:1      | Found a faded altar of an unknown god.
  1172 | D:2      | Found a runed translucent door.
  1173 | D:2      | Noticed Crazy Yiuf
  1826 | D:3      | Identified the +5 whip of Ittuisch {antimagic, Will+ Dex+4}
  1921 | D:3      | Found a basalt altar of Yredelemnul.
  1942 | D:3      | Reached XP level 4. HP: 39/39 MP: 1/4
  2097 | D:3      | Found an ancient bone altar of Kikubaaqudgha.
  2152 | D:4      | Found a staircase to the Ecumenical Temple.
  2165 | Temple   | Entered the Ecumenical Temple
  2211 | Temple   | Became a worshipper of Uskayaw the Reveller
  2242 | D:4      | Reached * piety under Uskayaw
  2253 | D:4      | Reached skill level 2 in Maces & Flails
  2340 | D:4      | Noticed a phantom
  2347 | D:4      | Reached ** piety under Uskayaw
  2352 | D:4      | Reached *** piety under Uskayaw
  2353 | D:4      | Killed a phantom
  2354 | D:4      | Reached skill level 3 in Maces & Flails
  2354 | D:4      | Reached XP level 5. HP: 34/45 MP: 1/5
  2355 | D:4      | Reached **** piety under Uskayaw
  2441 | D:4      | Reached skill level 4 in Maces & Flails
  2450 | D:4      | Noticed a necrophage
  2461 | D:4      | Killed a necrophage
  2462 | D:4      | Reached skill level 5 in Maces & Flails
  2462 | D:4      | Reached XP level 6. HP: 47/51 MP: 2/6
  2952 | D:4      | Reached skill level 6 in Maces & Flails
  3188 | D:4      | Found an iron altar of Okawaru.
  3306 | D:5      | Entered Level 5 of the Dungeon
  3313 | D:5      | Reached XP level 7. HP: 37/57 MP: 2/7
  3493 | D:5      | Reached skill level 7 in Maces & Flails
  3584 | D:5      | Noticed Blork the orc
  3596 | D:5      | Killed Blork the orc
  3660 | D:5      | Noticed Prince Ribbit
  3676 | D:5      | Killed Prince Ribbit
  3677 | D:5      | Reached skill level 8 in Maces & Flails
  3677 | D:5      | Reached XP level 8. HP: 22/64 MP: 2/8
  3936 | D:5      | Found a shadowy altar of Dithmenos.
  3947 | D:5      | Reached skill level 9 in Maces & Flails
  4021 | D:5      | Noticed Pikel
  4071 | D:5      | Killed Pikel
  4072 | D:5      | Reached skill level 10 in Maces & Flails
  4182 | D:5      | Slain by an orc warrior

Illustrated notes

Levels and vault maps discovered:
D:1:      nzn_arrival_depleted_hourglass, layout_basic,
          shapermc_ecumenical_altar_pompeii, serial_bayou_lagoon_b
D:2:      layout_loops_ring, kennysheep_small_spiral, uniq_crazy_yiuf_cottage
D:3:      layout_rooms, mainiacjoe_overflow_alcove_4, yredelemnul_altar_generic,
          minmay_strange_pillars, st_stairs_11
D:4:      layout_cave_pools, okawaru_altar_gauntlet_db,
          minmay_temple_entry_wispy
D:5:      layout_rooms, grunt_ashenzari_visionary
          [grunt_ashenzari_visionary_shoals, grunt_ashenzari_visionary_snake],
          nicolae_overflow_crystal_walls, grunt_dithmenos_shadows,
          minmay_misc_feat_rugged, chequers_avenue, uniq_blork_the_orc,
          uniq_pikel, uniq_prince_ribbit1
Temple:   corrupted_temple

Skill      XL: |  1  2  3  4  5  6  7  8 |
---------------+-------------------------+-----
Axes           | 3 4 5 |  5.5
Maces & Flails | 3 5 6 8 10 | 10.6
Fighting       | |  3.6
Armour         | |  3.2
Shields        | |  3.2

Action                   |  1- 3 |  4- 6 |  7- 9 || total
-------------------------+-------+-------+-------++-------
Melee: War axe           |    91 |       |       ||    91
       Whip              |     7 |   123 |   119 ||   249
 Stab: Paralysed         |       |     2 |     5 ||     7
Armor: Scale mail        |    33 |    45 |    23 ||   101
Dodge: Dodged            |    51 |    38 |    23 ||   112
Block: Buckler           |    29 |    35 |     9 ||    73
